 Dungeon Crawl Stone Soup version 0.30.1 (webtiles) character file.

Game seed: 8981538102942983538

6 LynnLen the Sneak (level 1, -3/9 HPs)
             Began as a Spriggan Enchanter on July 8, 2023.
             Slain by a hobgoblin (4 damage)
             ... on level 1 of the Dungeon.
             The game lasted 00:00:47 (178 turns).

LynnLen the Sneak (Spriggan Enchanter)               Turns: 178, Time: 00:00:47

Health: -3/9       AC:  2    Str:  4    XL:     1   Next: 75%
Magic:  5/5        EV: 17    Int: 16    God:
Gold:   25         SH:  0    Dex: 15    Spells: 5/5 levels left

rFire   . . .        a - +1 dagger
rCold   . . .        (no shield)
rNeg    . . .        b - +0 robe
rPois   .            (helmet restricted)
rElec   .            (no cloak)
rCorr   .            (gloves unavailable)
SInv    +            (boots unavailable)
Will    .....        (no amulet)
Stlth   +++          (no ring)
HPRegen 0.21/turn    (no ring)
MPRegen 0.09/turn

%: no passive effects
@: very quick
A: very small, no large weapons, unfitting armour, see invisible, speed 3
a: no special abilities


You were on level 1 of the Dungeon.
You visited 1 branch of the dungeon, and saw 1 of its levels.

You collected 25 gold pieces.

Inventory:

Hand Weapons
 a - a +1 dagger (weapon)
Armour
 b - a +0 robe (worn)
Potions
 c - 2 potions of invisibility
 d - a potion of cancellation {unknown}


   Skills:
 + Level 1.3 Short Blades
 - Level 2.6 Dodging
 * Level 4.8 Stealth
 - Level 2.6 Spellcasting
 + Level 3.7 Hexes


You had 5 spell levels left.
You didn't know any spells.
Your spell library contained the following spells:

 Spells                   Type           Power      Damage    Failure   Level
 Confusing Touch          Hex            14%        N/A       12%         3
 Tukima's Dance           Hex            14%        N/A       12%         3
 Ensorcelled Hibernation  Hex/Ice        16%        N/A       14%         2
 Dazzling Flash           Conj/Hex       16%        N/A       26%         3


Dungeon Overview and Level Annotations

Branches:
Dungeon (1/15)

Altars:


Innate Abilities, Weirdness & Mutations

You are very small and have problems with some larger weapons.
You are too small for most types of armour.
You have supernaturally acute eyesight. (SInv)
You cover ground extremely quickly. (Speed+++)


Message History

There is an open door here.
A bat comes into view.
You closely miss the bat. The bat hits you but does no damage. x2
The bat misses you.
You hit the bat but do no damage. The bat barely misses you.
You closely miss the bat. The bat closely misses you.
You closely miss the bat. The bat closely misses you.
You miss the bat. The bat misses you. The bat closely misses you.
You closely miss the bat. The bat hits you but does no damage.
The bat closely misses you.
A hobgoblin comes into view.
You closely miss the bat.
The hobgoblin shouts!
The bat hits you. x2
You barely miss the hobgoblin. The bat closely misses you.
The hobgoblin barely misses you.
You closely miss the hobgoblin. The bat barely misses you.
The hobgoblin hits you.
You hit the hobgoblin.
The hobgoblin is severely wounded.
The bat hits you. The hobgoblin completely misses you.
You closely miss the hobgoblin.
The hobgoblin is severely wounded.
The bat closely misses you. The hobgoblin closely misses you.
The hobgoblin barely misses you.
You closely miss the hobgoblin.
The hobgoblin is severely wounded.
The hobgoblin misses you.
You barely miss the hobgoblin.
The hobgoblin is severely wounded.
The hobgoblin closely misses you.
You closely miss the hobgoblin.
The hobgoblin is severely wounded.
The hobgoblin hits you.
* * * LOW HITPOINT WARNING * * *
You barely miss the hobgoblin.
The hobgoblin is severely wounded.
The hobgoblin hits you.
You die...

..# ##...## #.#
#.# #.# #.#
##+## #.###.#
#.# #.# #.
#.#...# #.#
#.##### #.
#.#.### #.#
......# ##.##
#.#.#####.#
⌠.###.# ##...##
#.........# .)#
#.....
###.#######
.......#
#...##########.#
.####..#
#..bg@........#
.# .#
#..############
.# ...... ⌠.
####..## .. #.##
# #. #. #.


You could see a hobgoblin and a bat.

Vanquished Creatures
  A ball python (D:1)
  A goblin (D:1)
  A hobgoblin (D:1)
  2 frilled lizards (D:1)
  A kobold (D:1)
6 creatures vanquished.

Notes
Turn   | Place    | Note
-------+----------+-------------------------------------------
     0 | D:1      | LynnLen the Spriggan Enchanter began the quest for the Orb.
     0 | D:1      | Reached XP level 1. HP: 9/9 MP: 5/5
   178 | D:1      | Slain by a hobgoblin

Illustrated notes

Levels and vault maps discovered:
D:1:      heliophobic_arrival_henge, layout_loops_corners,
          minmay_misc_feat_ornament, st_stairs_7

Action                     || total
---------------------------++-------
  Melee: Dagger            ||    40
   Stab: Sleeping          ||     1
 Armour: Robe              ||     3
  Dodge: Dodged            ||    33
